 Dungeon Crawl Stone Soup version 0.22.1-2-g9c5b331383 (webtiles) character file.

1006 Jerry the Shield-Bearer (level 8, -1/55 HPs)
             Began as a Halfling Fighter on Nov 27, 2018.
             Was an Initiate of Okawaru.
             Slain by an ice beast (7 damage)
             ... on level 5 of the Dungeon.
             The game lasted 00:11:19 (5418 turns).

Jerry the Shield-Bearer (Halfling Fighter)          Turns: 5418, Time: 00:11:20

Health: -1/55      AC:  8    Str: 19    XL:     8   Next: 44%
Magic:  8/8        EV: 15    Int:  6    God:    Okawaru [......]
Gold:   279        SH: 11    Dex: 14    Spells: 7/7 levels left

rFire    . . .     SeeInvis .   a - +0 long sword
rCold    . . .     Gourm    .   c - +0 shield
rNeg     + . .     Faith    .   b - +0 scale mail
rPois    .         Spirit   .   (no helmet)
rElec    .         Reflect  .   (no cloak)
rCorr    .         Harm     .   j - +0 pair of gloves
MR       .....                  (no boots)
Stlth    ..........             (no amulet)
HPRegen  0.18/turn              p - +6 ring of evasion
MPRegen  0.11/turn              r - ring of positive energy

@: no status effects
A: small, mutation resistance 1
a: Renounce Religion


You were on level 5 of the Dungeon.
You worshipped Okawaru.
Okawaru was noncommittal.
You were not hungry.

You visited 2 branches of the dungeon, and saw 6 of its levels.

You collected 279 gold pieces.

Inventory:

Hand Weapons
 a - a +0 long sword (weapon)
 q - a +2 antimagic short sword
Armour
 b - a +0 scale mail (worn)
 c - a +0 shield (worn)
 j - a +0 pair of gloves (worn)
Jewellery
 p - a +6 ring of evasion (left hand)
 r - a ring of positive energy (right hand)
 t - an uncursed ring of protection from fire
Scrolls
 d - a scroll of remove curse
 h - 3 scrolls of identify
 m - a scroll of fear
 s - a scroll of amnesia {unknown}
 w - a scroll of teleportation {unknown}
Potions
 e - a potion of haste {unknown}
 g - a potion of lignification {unknown}
 i - 2 potions of agility {unknown}
 k - 2 potions of magic {unknown}
 l - a potion of invisibility {unknown}
 n - a potion of flight {unknown}
 o - a potion of berserk rage {unknown}
 u - a potion of brilliance {unknown}
 v - a potion of heal wounds {unknown}
Comestibles
 f - 4 rations
 x - 5 chunks of flesh


   Skills:
 + Level 5.0 Fighting
 + Level 4.9 Long Blades
 + Level 5.9 Armour
 + Level 6.0 Shields
 + Level 0.7 Invocations


You had 7 spell levels left.
You didn't know any spells.
Your spell library contained the following spells:

 Spells                   Type           Power        Failure   Level  Hunger
 Corona                   Hex            #......      99%         1    ##.....
 Ensorcelled Hibernation  Hex/Ice        #.....       100%        2    ###....
 Confuse                  Hex            #.......     100%        3    ####...
 Dazzling Spray           Conj/Hex       #.....       100%        3    ####...
 Tukima's Dance           Hex            #.......     100%        3    ####...


Dungeon Overview and Level Annotations

Branches:
Dungeon (5/15)             Temple (1/1) D:5

Altars:
Ashenzari
Cheibriados
Dithmenos
Elyvilon
Hepliaklqana
Makhleb
Nemelex Xobeh
Okawaru
Wu Jian
Xom
Zin


Innate Abilities, Weirdness & Mutations

You are small and have problems with some larger weapons.
You are somewhat resistant to further mutation.


Message History

You hit the ice beast but do no damage.
The ice beast is moderately wounded.
The ice beast hits you but does no damage.
You hit the ice beast.
The ice beast is moderately wounded.
The ice beast misses you.
You riposte.
You hit the ice beast but do no damage.
The ice beast is moderately wounded.
You barely miss the ice beast.
The ice beast is moderately wounded.
You block the ice beast's attack. x2
You slash the ice beast!
The ice beast is severely wounded.
The ice beast hits you. The ice beast freezes you!
* * * LOW HITPOINT WARNING * * *
You slash the ice beast!
The ice beast is almost dead.
The ice beast hits you.
* * * LOW HITPOINT WARNING * * *
The ice beast freezes you!
You die...

#### ... ..# #..## #...#
#..Y#######. #..@........
.......#######...........
...........##.......$..#
....................####
.b................###
................###
............##....##
..........## ###...##
.........# ##...####


You could see an ice beast.

Vanquished Creatures
  Duvessa (D:4)
  3 ogres
  Dowan (D:4)
  3 hounds (D:4)
  A gnoll shaman (D:4)
  2 worker ants (D:4)
  3 iguanas (D:4)
  2 orc wizards (D:4)
  A hound zombie (D:5)
  11 gnolls
  7 adders
  An ooze (D:3)
  4 worms
  A dart slug (D:1)
  3 leopard geckos
  6 orcs (D:4)
  A ball python (D:1)
  4 giant cockroaches
  8 goblins
  15 hobgoblins
  5 jackals (D:1)
  5 quokkas
  8 bats
  4 frilled lizards
  5 kobolds
  9 rats
114 creatures vanquished.

Notes
Turn   | Place    | Note
-------+----------+-------------------------------------------
     0 | D:1      | Jerry the Halfling Fighter began the quest for the Orb.
     0 | D:1      | Reached XP level 1. HP: 15/15 MP: 1/1
   187 | D:1      | Reached XP level 2. HP: 20/20 MP: 2/2
   473 | D:1      | Reached XP level 3. HP: 25/25 MP: 3/3
  1107 | D:2      | Reached XP level 4. HP: 28/31 MP: 4/4
  1502 | D:2      | Reached skill level 4 in Shields
  1642 | D:2      | Reached XP level 5. HP: 13/36 MP: 5/5
  2451 | D:1      | HP: 1/36 [gnoll/flail (6)]
  3070 | D:3      | Reached XP level 6. HP: 43/43 MP: 6/6
  3416 | D:4      | Noticed an ogre
  3428 | D:4      | Killed an ogre
  3453 | D:4      | Reached XP level 7. HP: 48/48 MP: 7/7
  3453 | D:4      | Noticed Duvessa
  3455 | D:4      | Noticed Dowan
  3460 | D:4      | Killed Duvessa
  3460 | D:4      | Reached skill level 5 in Armour
  3460 | D:4      | Reached skill level 5 in Shields
  3468 | D:4      | Killed Dowan
  3843 | D:4      | Reached XP level 8. HP: 31/54 MP: 8/8
  4105 | D:4      | Found a shimmering altar of Xom.
  4106 | D:4      | Found a hazy altar of Hepliaklqana.
  4107 | D:4      | Noticed a spectral ugly thing
  5070 | D:5      | Entered Level 5 of the Dungeon
  5070 | D:5      | Found a staircase to the Ecumenical Temple.
  5074 | Temple   | Entered the Ecumenical Temple
  5311 | Temple   | Became a worshipper of Warmaster Okawaru
  5390 | D:5      | Reached skill level 5 in Fighting
  5390 | D:5      | Reached skill level 6 in Shields
  5418 | D:5      | Slain by an ice beast

Skill      XL: |  1  2  3  4  5  6  7  8 |
---------------+-------------------------+-----
Fighting       | 3 4 5 |  5.0
Shields        | 4 5 6 |  6.0
Armour         | 4 5 |  5.9
Long Blades    | 3 4 |  4.9
Invocations    | |  0.7

Action                   |  1- 3 |  4- 6 |  7- 9 || total
-------------------------+-------+-------+-------++-------
Melee: Long sword        |   146 |   185 |   166 ||   497
  Use: Scroll            |       |     3 |       ||     3
       Potion            |       |     2 |       ||     2
  Eat: Chunk             |     1 |     5 |     4 ||    10
       Ration            |       |     1 |     1 ||     2
Armor: Scale mail        |    55 |    31 |    33 ||   119
       Ring mail         |       |    21 |       ||    21
Dodge: Dodged            |    53 |    74 |    84 ||   211
Block: Shield            |    66 |   116 |    89 ||   271
       Rpst.: Long sword |    17 |    22 |    31 ||    70
